 Dungeon Crawl Stone Soup version 0.31.0-11-ge490571c62 (webtiles) character file.

Game seed: 3234296114139406918

70 qw the Shooter (level 4, 0/25 HPs)
             Began as a Deep Elf Hunter on Feb 4, 2024.
             Slain by a black bear (5 damage)
             ... on level 3 of the Dungeon.
             The game lasted 00:00:26 (1298 turns).

qw the Shooter (Deep Elf Hunter)                    Turns: 1298, Time: 00:00:27

Health: 0/25       AC:  5    Str: 14    XL:     4   Next: 3%
Magic:  6/6        EV: 11    Int: 14    God:
Gold:   1210       SH:  5    Dex: 20    Spells: 3/3 levels left

rFire   . . .        a - +0 shortbow
rCold   . . .        (shield currently unavailable)
rNeg    . . .        d - +0 ring mail
rPois   .            (no helmet)
rElec   .            (no cloak)
rCorr   +            (no gloves)
SInv    .            (no boots)
Will    .....        g - amulet of reflection
Stlth   +            f - +6 ring of strength
HPRegen 0.24/turn    i - ring of resist corrosion
MPRegen 0.10/turn

%: reflection
@: about to teleport
A: no striking features
a: no special abilities


You were on level 3 of the Dungeon.
You visited 1 branch of the dungeon, and saw 3 of its levels.

You collected 1210 gold pieces.


   Skills:
 - Level 1.5 Fighting
 + Level 7.4 Ranged Weapons
 - Level 2.4 Dodging
 - Level 1.2 Stealth


You had 3 spell levels left.
You didn't know any spells.
Your spell library was empty.

Inventory:

Hand Weapons
 a - a +0 shortbow (weapon)
Armour
 d - a +0 ring mail (worn)
Jewellery
 f - a +6 ring of strength (left hand)
 g - an amulet of reflection (around neck)
 i - a ring of resist corrosion (right hand)
Scrolls
 j - a scroll of teleportation
Potions
 c - a potion of curing {unknown}
 e - a potion of heal wounds
 h - a potion of enlightenment

Dungeon Overview and Level Annotations

Branches:
Dungeon (3/15)

Altars:


Message History

You kill the ball python!
Found a stone staircase leading down.
As you open the door, it creaks loudly!
You hear a shout!
A black bear comes into view.
You shoot an arrow. The arrow hits the black bear.
The black bear is lightly wounded.
You shoot an arrow. The arrow barely misses the black bear.
You shoot an arrow. The arrow barely misses the black bear.
You shoot an arrow. The arrow hits the black bear.
The black bear is lightly wounded.
An ogre comes into view. It is wielding a +0 giant club.
1291 ||| RETREEEEATING.
1292 ||| RETREEEEATING.
You shoot an arrow. The arrow hits the black bear!
The black bear is heavily wounded.
You shoot an arrow. The arrow hits the black bear.
The black bear is severely wounded.
You block the black bear's attack.
The black bear claws you but does no damage.
The black bear barely misses you. The black bear misses you.
The black bear claws you but does no damage. x2
You shoot an arrow. The arrow hits the black bear.
The black bear is severely wounded.
The black bear goes berserk!
You shoot an arrow.
The arrow completely misses the black bear.
The arrow hits the ogre!
The ogre is moderately wounded.
The black bear bites you. The black bear claws you.
You block the black bear's attack.
You shoot an arrow.
The arrow hits the black bear but does no damage.
The black bear is severely wounded.
The black bear bites you. The black bear claws you. x2
The black bear barely misses you. x2; The black bear claws you.
1298 ||| READING 2 scrolls of teleportation.
As you read the scroll of teleportation, it crumbles to dust.
You feel strangely unstable. The black bear barely misses you.
The black bear claws you.
You die...

... ### .... #..
....##+#.###############
...................#...#
.........##..#####.#.#.#
......>......# #.#.#.#
.#.....O###.# #.#.#.#
####'#h# #.# #.#<#.#
#.#@# #.# #.###.## #.#.#
..# #......# #.#.# ###
######## #.#.# ....#
....# ..# .###


You could see a black bear (berserk) and an ogre.

Vanquished Creatures
  3 adders (D:2)
  2 dart slugs (D:1)
  2 endoplasms (D:1)
  4 goblins
  6 hobgoblins
  3 jackals (D:2)
  A quokka (D:1)
  8 ball pythons
  A bat (D:1)
  2 frilled lizards (D:2)
  5 kobolds
  A rat (D:1)
38 creatures vanquished.

Notes
Turn   | Place    | Note
-------+----------+-------------------------------------------
     0 | D:1      | qw the Deep Elf Hunter began the quest for the Orb.
     0 | D:1      | Reached XP level 1. HP: 12/12 MP: 3/3
     0 | D:1      | 0 ||| qw: Version: 0.3-a-160-g6735b56
     0 | D:1      | 0 ||| qw: Game counter: 5823
     0 | D:1      | 0 ||| qw: Melee chars always use a shield: true
     0 | D:1      | 0 ||| qw: God list: Okawaru
     0 | D:1      | 0 ||| qw: Allow faded altars: false
     0 | D:1      | 0 ||| qw: Do Orc after clearing Dungeon:15 true
     0 | D:1      | 0 ||| qw: Do second Lair branch before Depths: true
     0 | D:1      | 0 ||| qw: Lair rune preference: random
     0 | D:1      | 0 ||| qw: Goals: Normal
     0 | D:1      | 0 ||| PLANNING D:1-11
   166 | D:1      | Reached skill level 6 in Ranged Weapons
   166 | D:1      | Reached XP level 2. HP: 16/16 MP: 4/4
   444 | D:1      | 444 ||| UPGRADING to +0 ring mail.
   454 | D:1      | 454 ||| DROPPING +0 leather armour.
   455 | D:1      | 455 ||| UPGRADING to amulet of reflection.
   460 | D:1      | 460 ||| UPGRADING to +6 ring of strength.
   461 | D:1      | 461 ||| READING scroll labelled GANAVYMESH.
   461 | D:1      | 461 ||| IDENTIFYING viscous black potion
   462 | D:1      | 462 ||| READING scroll labelled RUINUE TYWOGIOS.
   563 | D:1      | 563 ||| DRINKING 2 silvery potions.
   564 | D:1      | 564 ||| DROPPING scroll of butterflies.
   626 | D:2      | Reached XP level 3. HP: 20/20 MP: 5/5
   900 | D:2      | Reached skill level 7 in Ranged Weapons
  1157 | D:2      | Reached XP level 4. HP: 25/25 MP: 6/6
  1225 | D:2      | 1225 ||| UPGRADING to ring of resist corrosion.
  1226 | D:2      | 1226 ||| READING scroll labelled REAXUA KIUNEIMOTO.
  1226 | D:2      | Identified a scroll of acquirement
  1226 | D:2      | 1226 ||| ACQUIRING 1129 gold pieces
  1226 | D:2      | Acquired 1129 gold pieces
  1228 | D:2      | 1228 ||| READING 3 scrolls labelled PUMPOD YCWAKK.
  1286 | D:3      | Noticed a black bear
  1290 | D:3      | Noticed an ogre
  1291 | D:3      | 1291 ||| RETREEEEATING.
  1292 | D:3      | 1292 ||| RETREEEEATING.
  1297 | D:3      | HP: 4/25 [black bear (5)]
  1298 | D:3      | 1298 ||| READING 2 scrolls of teleportation.
  1298 | D:3      | Slain by a black bear

Levels and vault maps discovered:
D:1:      tarquinn_simple_flora_water_a, layout_rooms
D:2:      layout_basic
D:3:      layout_basic, kennysheep_generic_room_10, uniq_natasha

Skill      XL: |  1  2  3 |
---------------+----------+-----
Ranged Weapons | 6 7 |  7.4
Fighting       | |  1.5
Dodging        | |  2.4
Stealth        | |  1.2

Action                     |  1- 3 |  4- 6 || total
---------------------------+-------+-------++-------
   Fire: Shortbow          |    99 |    13 ||   112
    Use: Scroll            |     2 |     3 ||     5
         Potion            |     1 |       ||     1
 Armour: Leather armour    |     5 |       ||     5
         Ring mail         |     6 |    10 ||    16
  Dodge: Dodged            |    14 |     5 ||    19
  Block: Other             |     3 |     2 ||     5

Table legend:
 A = Non-vault XP
 B = Vault XP
 C = Vault XP percentage of total XP
 D = Non-vault monster count
 E = Vault monster count
 F = Vault count percentage of total count
                 A         B        C        D         E       F
            +---------+---------+-------+---------+---------+-------
      Total |     100 |       0 |   0.0 |      38 |       0 |   0.0
            +---------+---------+-------+---------+---------+-------
        D:1 |      31 |       0 |   0.0 |      17 |       0 |   0.0
        D:2 |      67 |       0 |   0.0 |      20 |       0 |   0.0
        D:3 |       2 |       0 |   0.0 |       1 |       0 |   0.0
            +---------+---------+-------+---------+---------+-------
